Map: Praça Neon Violeta LE

Players

Tanthalas

  • Race: Zerg Zerg
  • Spawn Location: 11:00

IagoAbreu - Winner!

  • Race: Zerg Zerg
  • League: Gold
  • Spawn Location: 5:00

VOD

Have the link to the VOD?

Description

Time

  • Played on: May 6, 2018, 5:26 p.m.
  • Length: 11:51
Show
View Real Time Build Order
Export as new Build Order

Tanthalas Zerg 

Build Orders: Pool Only 

Get SALT Encoding   

  12  0:08  Drone x2  
  14  0:19  Overlord  
  14  0:36  Extractor  
  14  0:39  Extractor  
  14  0:40  Drone  
  14  0:41  Drone x2  
  15  0:56  Drone  
  16  1:18  Drone  
  16  1:19  Drone  
  18  1:26  Spawning Pool  
  18  1:31  Drone  
  18  1:32  Evolution Chamber  
  17  1:37  Pneumatized Carapace  
  17  1:47  Drone x2  
  19  2:06  Drone  
  20  2:14  Metabolic Boost  
  20  2:19  Zerg Melee Weapons Level 1  
  20  2:26  Drone  
  22  2:35  Overlord  
  21  2:40  Overlord  
  21  2:54  Queen  
  23  3:00  Zergling x2  
  24  3:20  Zergling x4  
  26  3:31  Lair  
  26  3:45  Drone  
  28  4:00  Zergling x2  
  28  4:22  Spine Crawler  
  27  4:24  Spine Crawler  
  27  4:25  Spine Crawler  
  27  4:29  Spore Crawler, Drone x3  
  27  4:31  Spore Crawler  
  26  4:52  Zergling x2  
  20  5:22  Zergling x4  
  22  5:31  Queen  
  24  5:49  Zerg Ground Armor Level 1  
  24  5:54  Zergling x6  
  27  6:06  Queen  
  29  6:20  Overlord x2  
Show
View Real Time Build Order
Export as new Build Order

IagoAbreu Zerg - Winner!

Build Orders: Pool First, Zergling Baneling 

Get SALT Encoding   

  12  0:01  Drone  
  13  0:13  Drone  
  14  0:20  Overlord  
  14  0:28  Extractor  
  13  0:30  Drone  
  14  0:43  Spawning Pool  
  14  0:46  Drone  
  14  0:50  Drone  
  15  0:58  Drone  
  16  1:06  Drone  
  16  1:09  Drone  
  18  1:17  Evolution Chamber  
  17  1:26  Drone  
  17  1:31  Queen  
  20  1:34  Drone  
  21  1:46  Drone  
  22  1:47  Zerg Melee Weapons Level 1  
  22  1:54  Overlord  
  22  2:21  Hatchery  
  22  2:22  Drone  
  22  2:23  Drone  
  22  2:28  Extractor  
  22  2:31  Metabolic Boost  
  22  2:42  Baneling Nest  
  21  2:51  Zergling x8  
  22  2:54  Zergling x2  
  26  3:05  Drone  
  27  3:08  Queen  
  29  3:23  Zergling x2  
  30  3:27  Overlord  
  30  3:28  Overlord  
  30  4:05  Baneling x5  
  30  4:06  Baneling x5  
  30  4:10  Zergling x8  
  30  4:11  Zergling x4  
  36  4:33  Zergling x2  
  36  4:34  Zergling x10  
  36  4:55  Zergling x6  
  36  4:56  Zergling x4  
  36  5:10  Zergling x6  
  36  5:11  Zergling x6  
  35  5:41  Zergling x4  
  35  5:42  Zergling x10  
  42  5:43  Zergling x2  
  42  5:48  Zergling x2  
  42  5:49  Zergling x2  
  45  6:02  Zerg Ground Armor Level 1  
  45  6:05  Baneling  
  45  6:06  Baneling x2  
  45  6:09  Baneling x2  
  45  6:12  Baneling  
  45  6:21  Baneling x4  
  45  6:22  Baneling  
  45  6:24  Baneling  
  45  6:25  Baneling  
  35  6:51  Zergling x12  
  35  6:52  Zergling x2  
  38  8:10  Zergling x10  
  38  8:11  Zergling x10  
Tags
 
Add a new tag
Caveats
  • Supply blocks, unpowered buildings, or Contaminate may cause inaccurate times.
  • Supply counts are checked every 10 seconds.